Map: Deathaura LE

Players

Arctur - Winner!

  • Race: Terran Terran
  • Spawn Location: 11:00

BlyOnFire (Bly)

  • Race: Zerg Zerg
  • Spawn Location: 5:00

Event: DreamHack SC2 Masters 2020 Fall

VOD

https://youtu.be/zzrVnzHFAvk

Description

Time

  • Played on: Aug. 26, 2020, 11:34 a.m.
  • Length: 13:55

All games in this series

Show
View Real Time Build Order
Export as new Build Order

Arctur Terran - Winner!

Build Orders: Liberator Opening, Reaper Expand 

Get SALT Encoding   

  12  0:00  SCV  
  13  0:12  SCV  
  14  0:17  Supply Depot  
  14  0:24  SCV  
  15  0:38  SCV  
  15  0:40  Barracks  
  16  0:44  Refinery  
  16  0:50  SCV  
  17  1:03  SCV  
  18  1:15  SCV  
  19  1:27  Reaper, Orbital Command  
  20  1:38  Command Center  
  20  1:46  Supply Depot  
  20  1:53  SCV  
  21  1:59  Marine  
  22  2:05  SCV  
  22  2:07  Factory  
  23  2:12  Refinery  
  23  2:17  SCV  
  23  2:21  Barracks Reactor  
  24  2:29  SCV  
  25  2:41  SCV  
  26  2:51  Orbital Command  
  26  2:52  Starport  
  26  2:53  SCV  
  27  3:03  Supply Depot  
  27  3:04  Hellion x2  
  32  3:05  SCV  
  32  3:09  Barracks Tech Lab  
  32  3:17  SCV  
  32  3:18  SCV  
  34  3:26  Hellion x2  
  38  3:29  SCV  
  38  3:30  SCV  
  38  3:32  Liberator  
  43  3:34  Marine  
  44  3:42  Armory, SCV x2  
  46  3:54  SCV  
  46  3:55  SCV  
  52  4:01  Bunker  
  48  4:04  Bunker, Siege Tank  
  48  4:05  Marine x2  
  48  4:08  SCV x2  
  48  4:09  Bunker  
  52  4:20  SCV  
  52  4:21  SCV  
  54  4:27  Supply Depot, Marine  
  54  4:29  Marine  
  54  4:35  SCV  
  54  4:37  SCV  
  51  4:40  Siege Tank  
  51  4:42  Viking  
  53  4:47  SCV  
  53  4:49  SCV  
  55  4:53  Marine  
  55  4:54  Marine  
  55  4:59  SCV  
  54  5:01  SCV  
  53  5:11  SCV  
  53  5:13  SCV  
  58  5:19  Liberator  
  53  5:23  SCV, Factory Reactor, Stimpack, Marine  
  53  5:25  SCV, Command Center  
  56  5:31  Supply Depot  
  56  5:34  Barracks  
  56  5:35  SCV  
  57  5:36  Barracks  
  57  5:38  SCV  
  57  5:42  Marine  
  59  5:43  Supply Depot  
  59  5:50  SCV x2, Engineering Bay  
  59  5:51  Refinery x2  
  59  5:54  Engineering Bay  
  59  5:56  Supply Depot  
  61  6:05  SCV x2  
  61  6:08  Starport Reactor, Marine  
  61  6:09  Factory Tech Lab  
  64  6:23  Marine x2  
  64  6:25  SCV x2  
  68  6:26  Terran Infantry Weapons Level 1, Terran Infantry Armor Level 1  
  68  6:29  Supply Depot, Marine x3  
  71  6:35  Barracks  
  71  6:37  SCV x2, Siege Tank  
  71  6:38  Barracks  
  77  6:41  Marine x2  
  77  6:47  Orbital Command, Marine x3  
  77  6:49  SCV x2  
  81  6:59  Marine x2  
  81  7:01  SCV x2  
  84  7:03  Supply Depot, Medivac  
  84  7:06  Medivac, Orbital Command  
  84  7:08  Marine x2  
  91  7:09  Siege Tank  
  91  7:12  Marine  
  91  7:13  SCV  
  91  7:15  SCV  
  97  7:17  Marine x2  
  97  7:22  Supply Depot x2  
  99  7:23  Barracks Reactor  
  99  7:25  Barracks Reactor  
  99  7:26  Marine x2  
  99  7:28  SCV x2  
  103  7:35  Armory  
  103  7:37  SCV  
  103  7:40  SCV, Combat Shield  
  103  7:42  Marine x3  
  103  7:44  SCV, Marine  
  109  7:50  Refinery  
  110  7:53  Supply Depot  
  110  7:54  Supply Depot, Marine, Siege Tank  
  110  7:56  SCV  
  115  7:58  SCV  
  115  8:00  Marine x3  
  115  8:01  SCV  
  115  8:02  Marine  
  115  8:05  Marine x2  
  121  8:06  Marine x2  
  121  8:10  SCV  
  121  8:12  Marine  
  125  8:13  Bunker  
  125  8:14  SCV  
  125  8:15  SCV  
  125  8:18  Marine x3  
  130  8:20  Marine  
  130  8:22  SCV  
  130  8:25  Supply Depot  
  130  8:26  SCV, Terran Infantry Armor Level 2, Terran Infantry Weapons Level 2  
  133  8:30  Marine x2  
  133  8:31  Marine x2  
  133  8:34  SCV x2  
  120  8:42  Marine x4  
  120  8:43  Marine  
  120  8:44  Siege Tank  
  120  8:47  Medivac x2  
  130  8:48  Marine  
  130  8:51  Marine  
  130  8:58  Refinery  
  130  9:01  Marauder, Marine x3  
  130  9:02  Bunker  
  129  9:16  Siege Tank  
  132  9:22  Marauder  
  132  9:23  Marine x8  
  140  9:28  Command Center  
  140  9:30  Factory  
  140  9:33  Medivac x2  
  144  9:41  Marine x4  
  144  9:44  Marauder  
  144  9:45  Barracks x2  
  150  9:46  Barracks  
  150  9:53  Siege Tank  
  150  9:56  Terran Vehicle Weapons Level 1  
  150  9:59  Supply Depot x2  
  153  10:05  Marauder  
  151  10:10  Marine x4  
  151  10:16  Medivac x2  
  151  10:17  Marine x4  
  157  10:23  Factory Tech Lab  
  157  10:25  Siege Tank  
  157  10:26  Marauder  
  157  10:27  Marine x2  
  157  10:28  Marine x2  
  166  10:34  Marine  
  165  10:35  Marine x3  
  165  10:37  Barracks Tech Lab x3  
  165  10:43  Siege Tank  
  165  10:45  Marine x3  
  165  10:46  Medivac  
  165  10:48  Marauder  
  176  10:54  SCV, Marine  
  176  10:56  Marine x4  
  176  10:57  Siege Tank  
  176  11:04  Marauder, Marine x3  
  176  11:10  Terran Infantry Weapons Level 3  
  181  11:12  Terran Infantry Armor Level 3  
  179  11:19  Siege Tank  
  179  11:22  Command Center, Marauder  
  184  11:32  Marauder, Marine x2  
  188  11:41  Marine  
  188  11:42  Marine x2  
  188  11:43  Marine x2  
  188  11:59  Concussive Shells  
  188  12:02  Supply Depot  
  188  12:03  Supply Depot, Marine x5  
  188  12:04  SCV, Marauder x3  
  188  12:08  Marine  
  200  12:12  Marine x3  
  200  12:13  SCV  
  182  12:18  Planetary Fortress  
  182  12:21  Marine  
  182  12:22  Marauder  
  176  12:25  Marauder  
  177  12:35  Marine x2  
  177  12:36  Marauder, Marine x4  
  177  12:37  Marauder, Siege Tank  
  177  12:42  Medivac, Marine x2  
  177  12:43  Marauder  
  178  12:46  Siege Tank  
  178  12:47  Marauder  
  181  12:53  Marine x2  
  181  12:54  Marine  
  181  12:57  Marauder  
  186  13:02  Marauder, Marine x4  
  186  13:03  Marine  
  186  13:05  Marauder  
  193  13:08  Marine  
  193  13:09  Siege Tank  
  193  13:11  Marine x2  
  199  13:14  Marine  
  200  13:27  Marauder, Marine x4  
  156  13:28  Marauder  
  156  13:30  Marauder, Marine x4  
  170  13:36  Marine  
  178  13:53  Command Center  
Show
View Real Time Build Order
Export as new Build Order

BlyOnFire Zerg 

Build Orders: Hatch First 

Get SALT Encoding   

  12  0:00  Drone  
  13  0:13  Overlord  
  13  0:19  Drone  
  14  0:32  Drone x2  
  16  0:47  Hatchery  
  15  0:51  Drone  
  15  0:55  Drone  
  17  0:59  Drone  
  18  1:09  Extractor  
  17  1:14  Spawning Pool  
  17  1:16  Drone  
  17  1:19  Drone  
  18  1:29  Drone  
  19  1:40  Drone  
  20  1:51  Overlord  
  20  2:00  Queen  
  20  2:01  Queen  
  24  2:02  Zergling x4  
  26  2:11  Drone  
  26  2:12  Drone  
  28  2:25  Drone x2  
  29  2:31  Drone  
  29  2:36  Queen  
  32  2:43  Roach Warren  
  31  2:46  Overlord, Drone x2  
  33  2:56  Overlord  
  33  3:24  Roach x9  
  51  3:34  Overlord  
  51  3:36  Overlord  
  51  3:40  Metabolic Boost  
  51  3:41  Overlord  
  51  3:44  Extractor  
  50  3:51  Drone  
  50  3:52  Drone  
  52  3:58  Drone x5  
  57  4:06  Drone  
  57  4:09  Drone  
  58  4:19  Drone  
  59  4:25  Ravager  
  59  4:26  Ravager  
  61  4:34  Drone  
  61  4:38  Drone  
  56  4:39  Overlord  
  56  4:41  Overlord  
  56  4:43  Drone x6  
  60  4:46  Overlord  
  60  4:48  Ravager x2  
  59  5:01  Hatchery  
  59  5:03  Ravager, Drone  
  59  5:06  Drone x3  
  54  5:08  Extractor  
  54  5:10  Drone  
  54  5:11  Drone x4  
  55  5:24  Lair  
  55  5:26  Extractor  
  54  5:33  Drone x6  
  60  5:40  Roach x5  
  70  5:47  Evolution Chamber  
  70  5:48  Evolution Chamber  
  68  5:55  Drone x2  
  70  6:02  Drone x5  
  75  6:08  Roach x3  
  81  6:14  Zerg Melee Weapons Level 1, Zerg Ground Armor Level 1  
  81  6:20  Drone x3  
  81  6:23  Glial Reconstitution  
  84  6:28  Roach x2  
  88  6:34  Extractor  
  88  6:35  Zergling x8, Extractor  
  88  6:39  Overlord  
  89  6:41  Overlord  
  89  6:43  Overlord  
  89  6:45  Overlord  
  89  6:46  Hatchery  
  84  6:52  Overlord  
  84  6:55  Drone  
  84  6:56  Drone  
  84  6:58  Drone x2  
  87  7:03  Drone  
  86  7:13  Drone x4  
  89  7:16  Ravager x3  
  89  7:17  Ravager  
  89  7:18  Drone x6  
  89  7:21  Drone  
  100  7:35  Drone x2  
  100  7:36  Baneling Nest  
  101  7:40  Roach x6  
  113  7:45  Spore Crawler  
  113  7:51  Roach x5  
  121  8:02  Spire  
  121  8:04  Ravager  
  121  8:05  Ravager x2  
  123  8:08  Zergling x14  
  128  8:16  Overlord x2  
  127  8:24  Centrifical Hooks  
  127  8:27  Zergling x18, Overlord  
  127  8:28  Overlord  
  127  8:30  Overlord  
  127  8:32  Overlord  
  129  8:38  Roach x2  
  113  8:43  Overlord  
  113  8:44  Drone  
  113  8:45  Drone x2  
  111  8:56  Drone x9  
  111  9:00  Drone  
  120  9:03  Overlord  
  120  9:05  Overlord  
  118  9:10  Zerg Ground Armor Level 2, Zerg Melee Weapons Level 2  
  118  9:12  Zergling x4  
  114  9:17  Overlord  
  114  9:20  Overlord  
  114  9:22  Baneling x11  
  114  9:25  Zergling x6  
  117  9:38  Baneling x4  
  117  9:39  Ravager  
  117  9:40  Zergling x22  
  117  9:41  Zergling x2  
  129  9:56  Zergling x18  
  126  10:08  Roach x4  
  126  10:11  Overlord  
  123  10:16  Baneling x9  
  117  10:36  Ravager x6  
  117  10:39  Hatchery  
  122  10:47  Extractor  
  122  10:48  Extractor  
  117  11:00  Zergling x18  
  125  11:04  Queen x2  
  129  11:18  Burrow  
  129  11:19  Drone x3  
  129  11:25  Zergling x6  
  135  11:28  Zerg Missile Weapons Level 1  
  135  11:45  Zergling x8  
  139  11:49  Baneling x12  
  139  11:52  Ravager x6  
  139  11:53  Zergling x2  
  146  11:59  Zergling x4  
  140  12:12  Zergling x6  
  140  12:14  Hatchery  
  134  12:22  Zergling x6  
  127  12:33  Zergling x2  
  127  12:34  Zergling x4  
  127  12:36  Zergling x2  
  109  12:37  Baneling x6  
  109  12:38  Baneling  
  106  12:45  Zergling x2  
  106  12:46  Zergling x4  
  107  12:57  Zergling x6  
  110  12:59  Baneling x6  
  110  13:01  Ravager x2  
  110  13:02  Hatchery  
  111  13:07  Zergling x2  
  111  13:08  Zergling x4  
  113  13:15  Zergling x2  
  113  13:16  Zergling x2  
  112  13:20  Zergling x12  
  76  13:28  Roach x3  
  76  13:33  Roach x5  
  83  13:38  Baneling x7  

Tags
 
Add a new tag
Caveats
  • Supply blocks, unpowered buildings, or Contaminate may cause inaccurate times.
  • Supply counts are checked every 10 seconds.